 Dungeon Crawl Stone Soup version 0.18-a0-824-g47fe746 (webtiles) character file.

4 Raultor the Slasher (level 1, 0/16 HPs)
             Began as a Demonspawn Gladiator on Dec 17, 2015.
             Slain by a hobgoblin
             ... wielding a +0 club
              (4 damage)
             ... on level 1 of the Dungeon.
             The game lasted 00:00:36 (250 turns).

Raultor the Slasher (Demonspawn Gladiator)           Turns: 250, Time: 00:00:37

Health: 0/16       AC:  4    Str: 15    XL:     1   Next: 58%
Magic:  1/1        EV: 12    Int:  9    God:
Gold:   0          SH:  0    Dex: 13    Spells: 0 memorised, 0 levels left

rFire  . . .     SeeInvis .     a - +0 long sword
rCold  . . .     Gourm    .     b - +0 leather armour
rNeg   . . .     Faith    .     (no shield)
rPois  .         Spirit   .     c - +0 helmet
rElec  .         Dismiss  .     (no cloak)
rCorr  .         Reflect  .     (no gloves)
SustAt .         Harm     .     (no boots)
MR     .....                    (no amulet)
Stlth  +.........               (no ring)
                                (no ring)

@: not resistant to hostile enchantments, very unstealthy
A: no striking features
a: no special abilities


You were on level 1 of the Dungeon.
You were not hungry.

You visited 1 branch of the dungeon, and saw 1 of its levels.

Inventory:

Hand Weapons
 a - a +0 long sword (weapon)
Missiles
 d - 3 throwing nets {=f, !d}
Armour
 b - a +0 leather armour (worn)
 c - a +0 helmet (worn)
Comestibles
 f - a bread ration {@e1}
 g - a chunk of flesh {@w0}


   Skills:
 + Level 2.0 Fighting
 + Level 2.8 Long Blades
 - Level 1.7 Throwing
 + Level 0.6 Armour
 - Level 2.6 Dodging


You couldn't memorise any spells.
You didn't know any spells.

Dungeon Overview and Level Annotations

Branches:
Dungeon (1/15)

Altars:


Message History

Welcome, Raultor the Demonspawn Gladiator.
The bosom of this dungeon contains the fabled artefact, the Orb of Zot.
Found a staircase leading out of the dungeon.
A hobgoblin comes into view. It is wielding a club.
The hobgoblin shouts!
A giant newt comes into view.
A goblin comes into view. It is wielding a dagger.
You barely miss the hobgoblin.
The goblin shouts!
The hobgoblin closely misses you.
You hit the hobgoblin but do no damage.
The hobgoblin hits you but does no damage.
A giant newt comes into view.
You closely miss the hobgoblin. The hobgoblin hits you with a club.
You take 3 damage, and have 13/16 hp.
You barely miss the hobgoblin.
The hobgoblin hits you but does no damage.
The goblin hits you but does no damage.
You closely miss the hobgoblin. The hobgoblin hits you with a club.
The hobgoblin hits you with a club.
You take 5 damage, and have 8/16 hp.
MASSIVE DAMAGE!!
You barely miss the hobgoblin. The hobgoblin closely misses you.
You hit the hobgoblin. The hobgoblin closely misses you.
You closely miss the hobgoblin.
The hobgoblin hits you but does no damage.
You barely miss the hobgoblin. The hobgoblin hits you with a club.
You take 1 damage, and have 8/16 hp.
You hit the hobgoblin.
You kill the hobgoblin!
The goblin barely misses you.
You hit the goblin but do no damage. The goblin hits you but does no damage.
You hit the goblin. The goblin hits you with a dagger.
You take 1 damage, and have 7/16 hp.
You hit the goblin. The goblin barely misses you.
You hit the goblin.
You kill the goblin!
The giant newt bites you but does no damage.
You hit the giant newt.
You kill the giant newt!
You closely miss the giant newt.
The giant newt bites you but does no damage.
The giant newt barely misses you.
You hit the giant newt.
You kill the giant newt!
Things that are here:
a dagger; a club; a giant newt corpse You butcher the giant newt corpse.
g - a chunk of flesh {@w0}
Things that are here:
a dagger; a club You start resting.
Health restored: 16 A rat comes into view.
The rat barely misses you.
You barely miss the rat. The rat completely misses you.
You hit the rat.
You kill the rat!
No target in view!
A ball python comes into view.
A hobgoblin comes into view. It is wielding a club.
The hobgoblin shouts!
The hobgoblin drinks a potion.
The hobgoblin flickers and vanishes!
Deactivating autopickup; reactivate with Ctrl-A.
The ball python bites you but does no damage.
The ball python grabs you. The ball python constricts you.
You take 1 damage, and have 15/16 hp.
You closely miss the ball python. The ball python closely misses you.
The ball python constricts you.
You barely miss the ball python. The ball python closely misses you.
The ball python constricts you. Something hits you but does no damage.
The ball python bites you. The ball python constricts you.
You take 1 damage, and have 14/16 hp.
You closely miss the ball python. Something hits you.
The ball python misses you. The ball python constricts you.
You take 6 damage, and have 8/16 hp.
MASSIVE DAMAGE!!
You escape the ball python's grasp.
The ball python bites you but does no damage.
The ball python grabs you. The ball python constricts you.
You escape the ball python's grasp.
You hit something. Something completely misses you.
You closely miss something. Something hits you.
* * * LOW HITPOINT WARNING * * *
Something hits you.
You die...

#... #..........#
##...#####.....%.....
##............#.......
......................
#.........###.#.....#
##.......### #S##...##
.........# #.# .......
##...##.## #@# ...##.#
##.###..#####.##....#.#
#........##..... ..#.#
# #####...#.#....#
#...###.###
#.##.##.....#
#......... ...
#..#.###.###.......#
..... ##.#.#
#.......##..###
......##..##
##.............


You could see a ball python.

Vanquished Creatures
  A goblin (D:1)
  A hobgoblin (D:1)
  2 giant newts (D:1)
  A rat (D:1)
5 creatures vanquished.

Notes
Turn   | Place    | Note
--------------------------------------------------------------
     0 | D:1      | Raultor the Demonspawn Gladiator began the quest for the Orb.
     0 | D:1      | Reached XP level 1. HP: 16/16 MP: 1/1
   250 | D:1      | HP: 4/16 [something (4)]
   250 | D:1      | Slain by a hobgoblin

Vault maps used:
D:1:      eino_arrival_druids_welcome

Action                   || total
-------------------------++-------
Melee: Long sword        ||    24

Vault maps used:
D:1:      eino_arrival_druids_welcome

Table legend:
 A = Turns spent in this place as a percentage of turns spent in the entire game.
 B = Non-inter-level travel turns spent in this place as a percentage of non-inter-level travel turns spent in the entire game.
 C = Inter-level travel turns spent in this place as a percentage of turns spent in this place.
 D = Turns resting spent in this place as a percentage of non-inter-level travel turns spent in this place.
 E = Turns spent auto-exploring this place as a percentage of non-inter-level travel turns spent in this place.
 F = Non-inter-level travel turns spent in this place divided by the number of levels of this place that you've seen.
                   A       B       C       D       E      F
               +-------+-------+-------+-------+-------+----------------------
         Total | 100.0 | 100.0 |   0.0 |   4.1 |   6.1 |  49.0
       Dungeon | 100.0 | 100.0 |   0.0 |   4.1 |   6.1 |  49.0
               +-------+-------+-------+-------+-------+----------------------

Table legend:
 A = Kills in this place as a percentage of kills in entire the game.
 B = Kills by you in this place as a percentage of kills by you in the entire game.
 C = Kills by friends in this place as a percentage of kills by friends in the entire game.
 D = Other kills in this place as a percentage of other kills in the entire game.
 E = Experience gained in this place as a percentage of experience gained in the entire game.
 F = Experience gained in this place divided by the number of levels of this place that you have seen.
                   A       B       C       D       E      F
               +-------+-------+-------+-------+-------+----------------------
         Total | 100.0 | 100.0 |  -nan |  -nan | 100.0 |   7.0
       Dungeon | 100.0 | 100.0 |  -nan |  -nan | 100.0 |   7.0
               +-------+-------+-------+-------+-------+----------------------
